 Dungeon Crawl Stone Soup version 0.31-a0-117-g42d8f58691 (console) character file.

Game seed: 5388842376256112082

291 Ignak the Ogre Mage (level 6, -2/59 HPs)
             Began as an Ogre Hedge Wizard on May 30, 2023.
             Killed by miscasting Mephitic Cloud (11 damage)
             ... on level 4 of the Dungeon.
             The game lasted 00:10:11 (3593 turns).

Ignak the Ogre Mage (Ogre Hedge Wizard)             Turns: 3593, Time: 00:10:12

Health: -2/59      AC:  4    Str: 15    XL:     6   Next: 32%
Magic:  4/12       EV: 10    Int: 17    God:
Gold:   170        SH:  0    Dex:  8    Spells: 5/13 levels left

rFire   . . .        o - +0 hand axe
rCold   . . .        (no shield)
rNeg    . . .        b - +0 robe
rPois   .            c - +1 hat
rElec   .            (no cloak)
rCorr   .            (gloves unavailable)
SInv    .            (boots unavailable)
Will    .....        (no amulet)
Stlth   +            (no ring)
HPRegen 0.29/turn    (no ring)
MPRegen 0.13/turn

%: no passive effects
@: very slightly contaminated
A: large, unfitting armour, tough skin 1
a: no special abilities


You were on level 4 of the Dungeon.
You visited 1 branch of the dungeon, and saw 4 of its levels.

You collected 170 gold pieces.

Inventory:

Hand Weapons
 o - a +0 hand axe (weapon)
Missiles
 j - 2 poisoned darts (quivered)
Armour
 b - a +0 robe (worn)
 c - a +1 hat (worn)
Magical Staves
 a - a staff of air
Scrolls
 g - a scroll of brand weapon {unknown}
 k - a scroll of magic mapping
 n - a scroll of enchant armour
Potions
 d - 2 potions of magic
 e - a potion of curing
 h - a potion of attraction {unknown}
 l - a potion of lignification {unknown}
 m - a potion of mutation {unknown}


   Skills:
 + Level 2.6 Fighting
 * Level 1.8 Axes
 + Level 2.7 Dodging
 - Level 1.5 Stealth
 + Level 4.3 Spellcasting
 + Level 2.1 Conjurations
 - Level 1.0 Summonings
 + Level 2.0 Translocations
 + Level 1.2 Air Magic
 + Level 1.2 Poison Magic


You had 5 spell levels left.
You knew the following spells:

 Your Spells              Type           Power      Damage    Failure   Level
a - Magic Dart            Conj           40%        1d5       6%          1
b - Blink                 Tloc           20%        N/A       10%         2
d - Mephitic Cloud        Conj/Pois/Air  8%         N/A       24%         3
e - Call Imp              Summ           14%        N/A       16%         2

Your spell library contained the following spells:

 Spells                   Type           Power      Damage    Failure   Level
 Slow                     Hex            12%        N/A       16%         1
 Cigotuvi's Dreadful Rot  Necr/Pois/Air  12%        N/A       16%         2


Dungeon Overview and Level Annotations

Branches:
Dungeon (4/15)
 Temple: D:4-7

Altars:
Hepliaklqana
Trog
Zin

Annotations:
D:4 Blork the orc


Innate Abilities, Weirdness & Mutations

You are too large for most types of armour.
You have tough skin. (AC +1)


Message History

You hit Blork the orc but do no damage.
Blork the orc is lightly wounded.
Blork the orc hits you with a +0 battleaxe!
An ogre comes into view. It is wielding a +0 giant club.
Blork the orc attacks as you move away!
Blork the orc hits you with a +0 battleaxe!
Blork the orc casts a spell at you. The puff of flame hits you!
* * * LOW HITPOINT WARNING * * *
Casting: Mephitic Cloud (dangerous; 26% risk of failure)
Confirm with . or Enter, or press ? or * to list all spells.
Aiming: Mephitic Cloud (dangerous; 26% risk of failure)
Press: ? - help, Shift-Dir - straight line, f/p - Blork the orc
Aim: Blork the orc, wielding a +0 battleaxe and wearing a +1 robe of willpower (lightly wounded, chance to affect: 86%)
The ball explodes into a vile cloud!
The stinking cloud engulfs Blork the orc but does no damage.
Blork the orc is lightly wounded.
You hear a shout!
You hear an angry hiss.
An orc comes into view. It is wielding a +0 mace.
Blork the orc is engulfed in noxious fumes.
Blork the orc appears confused.
Blork the orc is engulfed in noxious fumes.
Blork the orc appears confused.
Blork the orc shouts, "YES!"
Blork the orc hits himself with a +0 battleaxe!
The ogre is engulfed in noxious fumes.
The ogre appears confused.
Blork the orc is engulfed in noxious fumes.
Blork the orc appears confused.
You feel a bit more experienced.
Your Translocations skill increases to level 2!
You have reached level 6!
You feel stronger.
Casting: Mephitic Cloud (dangerous; 24% risk of failure)
Confirm with . or Enter, or press ? or * to list all spells.
Aiming: Mephitic Cloud (dangerous; 24% risk of failure)
Press: ? - help, Shift-Dir - straight line You miscast Mephitic Cloud.
You are very lightly contaminated with residual magic.
Sparks fly from your hands!
You die...

.♣ ♣♣. .♣ ... .♣ ._.
.♣... .♣.♣ ##### ..O
######...######o♣♣♣♣♣♣
#......@....o.........
#.####....######...##.
#.# ###### #.# #.# #
##.# #>.# #.## #.#
##.######


You could see an orc.

Vanquished Creatures
  An ogre (D:4)
  An orc priest (D:3)
  6 dart slugs
  3 worms
  4 orcs
  3 endoplasms
  2 giant cockroaches
  15 goblins
  3 hobgoblins
  5 jackals
  8 kobolds
  3 quokkas
  2 ball pythons (D:2)
  2 bats
  5 frilled lizards
  9 rats
72 creatures vanquished.

Vanquished Creatures (collateral kills)
  A hound (D:3)
  Robin (D:3)
  3 adders (D:2)
  A worm (D:2)
  An orc (D:2)
  A ball python (D:2)
  A goblin (D:3)
  A hobgoblin (D:3)
  A jackal (D:2)
  A kobold (D:1)
  3 rats
15 creatures vanquished.

Grand Total: 87 creatures vanquished

Notes
Turn   | Place    | Note
-------+----------+-------------------------------------------
     0 | D:1      | Ignak the Ogre Hedge Wizard began the quest for the Orb.
     0 | D:1      | Reached XP level 1. HP: 16/16 MP: 5/5
    94 | D:1      | Reached skill level 1 in Conjurations
   243 | D:1      | Reached skill level 1 in Summonings
   243 | D:1      | Reached skill level 1 in Translocations
   278 | D:1      | Reached XP level 2. HP: 3/24 MP: 0/6
   304 | D:1      | Learned a level 2 spell: Blink
   307 | D:1      | Learned a level 2 spell: Call Imp
   839 | D:1      | Reached skill level 1 in Fighting
   878 | D:1      | Reached XP level 3. HP: 32/33 MP: 6/8
  1245 | D:2      | Learned a level 3 spell: Mephitic Cloud
  1360 | D:2      | Reached skill level 4 in Spellcasting
  1504 | D:2      | Reached XP level 4. HP: 42/42 MP: 8/10
  2595 | D:3      | Reached XP level 5. HP: 29/49 MP: 9/11
  2730 | D:3      | Found a bloodstained altar of Trog.
  2740 | D:3      | Noticed Robin
  2742 | D:3      | Reached skill level 1 in Axes
  3181 | D:3      | Found a glowing silver altar of Zin.
  3189 | D:3      | Reached skill level 1 in Air Magic
  3443 | D:3      | Reached skill level 1 in Poison Magic
  3466 | D:3      | Killed Robin
  3574 | D:4      | Found a hazy altar of Hepliaklqana.
  3574 | D:4      | Noticed Blork the orc
  3579 | D:4      | Noticed an ogre
  3588 | D:4      | Killed an ogre
  3589 | D:4      | Reached XP level 6. HP: 8/59 MP: 6/12
  3593 | D:4      | Killed by miscasting Mephitic Cloud

Illustrated notes

Levels and vault maps discovered:
D:1:      ncdulo_lavacross, layout_loops_ring, serial_forest,
          infiniplex_forest_lined_room_3, infiniplex_forest_clump_diagonal,
          infiniplex_forest_lined_room_2, infiniplex_forest_lined_4_way,
          infiniplex_forest_side_room, infiniplex_forest_end_2,
          infiniplex_forest_clump_medium, infiniplex_forest_clump_small,
          infiniplex_forest_lined_3
D:2:      layout_basic, minmay_cut_off
D:3:      layout_rooms, mainiacjoe_overflow_chevrons,
          mainiacjoe_overflow_24_doors, serial_forest,
          infiniplex_forest_clump_long, infiniplex_forest_clump_C,
          infiniplex_forest_end_2, infiniplex_forest_lined_2,
          infiniplex_forest_corner_2, infiniplex_forest_zigzag_2,
          infiniplex_forest_clump_C, uniq_robin
D:4:      layout_loops_cross, fedhas_altar_1, okawaru_ov_weapons_minmay,
          mainiacjoe_overflow_cross_hatched, nicolae_tso_besieged_by_evil,
          serial_shops, nicolae_shop_rolling_square, nicolae_shop_tiny_glass,
          shop, shop, nicolae_shop_tiny_statue_garden, minmay_misc_feat_chi,
          uniq_blork_the_orc, uniq_eustachio

Skill      XL: |  1  2  3  4  5 |
---------------+----------------+-----
Conjurations   | 1 2 |  2.1
Summonings     | 1 |  1.0
Translocations | 1 2 |  2.0
Dodging        | 2 |  2.7
Fighting       | 1 2 |  2.6
Spellcasting   | 4 |  4.3
Axes           | 1 |  1.8
Air Magic      | 1 |  1.2
Poison Magic   | 1 |  1.2
Stealth        | |  1.5

Action                     |  1- 3 |  4- 6 || total
---------------------------+-------+-------++-------
  Melee: Dagger            |    67 |       ||    67
         Trident           |    72 |    51 ||   123
         Hand axe          |       |   137 ||   137
   Cast: Magic Dart        |    27 |       ||    27
         Call Imp          |     9 |    18 ||    27
         Blink             |       |     6 ||     6
         Mephitic Cloud    |       |     5 ||     5
    Use: Scroll            |     3 |     1 ||     4
   Stab: Sleeping          |     3 |     2 ||     5
         Distracted        |     1 |     2 ||     3
         Confused          |       |     1 ||     1
 Armour: Robe              |    70 |    72 ||   142
  Dodge: Dodged            |    86 |   120 ||   206

Table legend: (Time is in decaauts)
 A = Elapsed time spent in this place.
 B = Non-inter-level travel time spent in this place.
 C = Inter-level travel time spent in this place.
 D = Time resting spent in this place.
 E = Time spent auto-exploring this place.
 F = Levels seen in this place.
 G = Mean time per level.
                   A        B        C        D        E       F      G
               +--------+--------+--------+--------+--------+-----+--------+
         Total |   3670 |   3538 |    132 |    408 |   1813 |   4 |  917.5 |
       Dungeon |   3670 |   3538 |    132 |    408 |   1813 |   4 |  917.5 |
               +--------+--------+--------+--------+--------+-----+--------+

Top non-repeatable levels by time:
     D:2: 1450 daAuts
     D:1: 1202 daAuts
     D:3: 961 daAuts
     D:4: 55 daAuts
